 Dungeon Crawl Stone Soup version 0.29.1-15-g9cfb28693d (webtiles) character file.

Game seed: 14826005761983038051

102 Peloso the Covered (level 4, 0/60 HPs)
             Began as a Minotaur Fighter on Mar 27, 2023.
             Slain by a gnoll
             ... wielding a +0 flail
              (5 damage)
             ... in the Ecumenical Temple.
             The game lasted 00:04:19 (3301 turns).

Peloso the Covered (Minotaur Fighter)               Turns: 3301, Time: 00:04:19

Health: 0/60       AC: 22    Str: 20    XL:     4   Next: 50%
Magic:  3/3        EV:  2    Int:  5    God:
Gold:   160        SH:  5    Dex: 12    Spells: 3/3 levels left

rFire   + . .      SeeInvis .   a - +0 long sword
rCold   + . .      Faith    .   d - +0 buckler
rNeg    . . .      Spirit   .   (body armour currently unavailable)
rPois   +          Reflect  .   (helmet currently unavailable)
rElec   +          Harm     .   (cloak currently unavailable)
rCorr   +          Rampage  .   (gloves currently unavailable)
Will    .....      NoTele   +   (boots currently unavailable)
Stlth   +.........              (no amulet)
HPRegen 0.20/turn               (no ring)
MPRegen 0.08/turn               (no ring)

@: tree-form, resistant
A: stationary, stasis, torment immunity, boosted hp, (horns 2), (retaliatory
headbutt)
a: no special abilities


You were in the Ecumenical Temple.
You were a tree.
You visited 2 branches of the dungeon, and saw 5 of its levels.

You collected 160 gold pieces.

Inventory:

Hand Weapons
 a - a +0 long sword (weapon)
Armour
 b - a +0 scale mail
 c - a +0 chain mail (melded)
 d - a +0 buckler (worn)
Scrolls
 e - a scroll of identify {unknown}
 i - a scroll of teleportation {unknown}
 j - 2 scrolls of fear {unknown}
 k - 2 scrolls of immolation {unknown}
 l - a scroll of poison {unknown}
 o - a scroll of magic mapping {unknown}
Potions
 f - a potion of invisibility {unknown}
 g - 2 potions of flight
 n - a potion of resistance
 p - 2 potions of might


   Skills:
 + Level 4.1 Fighting
 + Level 4.1 Long Blades
 + Level 4.3 Armour
 + Level 1.1 Dodging
 + Level 4.2 Shields


You had 3 spell levels left.
You didn't know any spells.
Your spell library contained the following spells:

 Spells                   Type           Power      Damage    Failure   Level
 Ozocubu's Armour         Ice            0%         N/A       90%         3
 Metabolic Englaciation   Hex/Ice        0%         N/A       100%        5
 Simulacrum               Ice/Necr       0%         N/A       100%        6


Dungeon Overview and Level Annotations

Branches:
Dungeon (4/15)             Temple (1/1) D:4

Altars:
Ashenzari
Elyvilon
Hepliaklqana
Makhleb
Nemelex Xobeh
Qazlal
Trog
Xom
Zin

Shops:
D:2 *

Annotations:
D:3 1 runed translucent door, KyoPewz's ghost, amateur GnWn
Temple Natasha


Innate Abilities, Weirdness & Mutations

You are a tree.
Your roots penetrate the ground, keeping you stationary.
You cannot be teleported.
You are immune to unholy pain and torment.
Your maximum health is greatly increased.
Your equipment is partially melded.
((You have a pair of horns on your head.))
((You reflexively headbutt those who attack you in melee.))


Message History

You block the gnoll's attack.
You hit the gnoll but do no damage. Your headbutt misses the gnoll.
The gnoll hits you with a +0 flail. The gnoll hits you with a +0 spear.
* * * LOW HITPOINT WARNING * * *
You slash the gnoll!
The gnoll is severely wounded.
The gnoll hits you but does no damage. The gnoll hits you with a +0 spear.
* * * LOW HITPOINT WARNING * * *
The gnoll hits you but does no damage. The gnoll attacks as you move away!
The gnoll closely misses you. You furiously retaliate!
You headbutt the gnoll.
Natasha, Servant of Life and Death comes into view.
Natasha hisses angrily.
Natasha moves out of view.
The gnoll attacks as you move away! The gnoll hits you with a +0 flail.
* * * LOW HITPOINT WARNING * * *
Natasha mewls in sadness.
Natasha hisses.
The gnoll attacks as you move away! The gnoll closely misses you.
You enter the shallow water.
Moving in this stuff is going to be slow.
The gnoll hits you with a +0 flail.
* * * LOW HITPOINT WARNING * * *
There is a staircase to the Ecumenical Temple here.
You block the gnoll's attack. Natasha claws you.
* * * LOW HITPOINT WARNING * * *
You climb downwards.
Welcome back to the Ecumenical Temple!
There is a staircase back to the Dungeon here.
You feel better. The gnoll hits you with a +0 flail.
* * * LOW HITPOINT WARNING * * *
Natasha claws you.
* * * LOW HITPOINT WARNING * * *
Unknown command.
It was a potion of resistance.
You feel protected. You block the gnoll's attack. Natasha barely misses you.
It was a potion of lignification.
You turn into a tree.
Your +0 chain mail melds into your body.
Your roots penetrate the ground.
The gnoll hits you with a +0 flail.
You die...

♣♣._..♣......§..~♣.
♣♣~...~.....♣.~.....
♣≈~.........♣~~.....
♣♣~.♣..~..~.♣♣~♣....~
♣≈~.♣....§.......♣♣.~
♣♣~~..♣.§.♣......§♣♣..
♣≈~...♣♣....~....♣~♣..
♣♣≈~.h§.♣.§...§♣♣§.~...
♣≈≈~~.♣....§..♣...♣♣...
♣≈≈≈§.~g♣♣~.....♣♣♣♣~~.
♣≈≈≈≈~......~..♣♣ ♣♣≈≈
♣♣≈≈§≈~.......♣♣ ♣♣≈
♣≈≈≈§~~~.~.♣♣♣ ♣♣
♣♣≈≈≈≈≈≈~♣♣♣ ♣
♣♣≈≈≈≈≈♣♣ ♣♣≈≈♣♣♣ ♣♣♣♣


You could see Natasha and a gnoll.

Vanquished Creatures
  4 adders
  A gnoll (D:4)
  A dart slug (D:2)
  An orc (D:4)
  4 ball pythons
  3 endoplasms
  5 giant cockroaches (D:1)
  6 goblins
  7 hobgoblins
  3 jackals (D:4)
  2 quokkas (D:4)
  3 bats (D:1)
  2 frilled lizards (D:1)
  4 kobolds
  4 rats
50 creatures vanquished.

Notes
Turn   | Place    | Note
-------+----------+-------------------------------------------
     0 | D:1      | Peloso the Minotaur Fighter began the quest for the Orb.
     0 | D:1      | Reached XP level 1. HP: 19/19 MP: 0/0
   135 | D:1      | Reached XP level 2. HP: 23/27 MP: 1/1
   344 | D:1      | Found a faded altar of an unknown god.
   789 | D:1      | Reached XP level 3. HP: 33/33 MP: 2/2
  1137 | D:2      | Found Myorumm's General Store.
  1984 | D:3      | Reached XP level 4. HP: 33/40 MP: 3/3
  2066 | D:3      | Found a runed translucent door.
  2066 | D:3      | Noticed KyoPewz's ghost (amateur GnWn)
  2177 | D:3      | Found a bloodstained altar of Trog.
  2531 | D:3      | Reached skill level 1 in Dodging
  3003 | D:4      | Found a staircase to the Ecumenical Temple.
  3022 | Temple   | Entered the Ecumenical Temple
  3287 | D:4      | Noticed Natasha
  3297 | D:4      | HP: 1/40 [Natasha (3)]
  3301 | Temple   | Slain by a gnoll

Illustrated notes

Levels and vault maps discovered:
D:1:      dpeg_arrival_boxes_within_box, layout_rooms,
          shapermc_ecumenical_altar_totnotflames, lemuel_flame_loot_1
D:2:      layout_basic, serial_shops, nicolae_shop_advertising_works
          [nicolae_subvault_shop_adworks], hex_large, feat_on_display
D:3:      layout_loops_ring, trog_book, hellmonk_ghost_happy_afterlife,
          minmay_statues_item
D:4:      layout_gridville, nicolae_dithmenos_shadow_blocks,
          minmay_temple_entry_mist, uniq_blork_the_orc, uniq_natasha,
          uniq_crazy_yiuf_cottage
Temple:   nicolae_temple_bog_church

Skill      XL: |  1  2  3  4 |
---------------+-------------+-----
Fighting       | 4 |  4.1
Shields        | 4 |  4.2
Long Blades    | 3 4 |  4.1
Armour         | 4 |  4.3
Dodging        | 1 |  1.1

Action                   |  1- 3 |  4- 6 || total
-------------------------+-------+-------++-------
Melee: Long sword        |    74 |    33 ||   107
       Headbutt          |    13 |     5 ||    18
  Use: Potion            |     4 |     3 ||     7
       Scroll            |     2 |       ||     2
Armor: Scale mail        |    34 |     8 ||    42
       Chain mail        |       |    29 ||    29
Dodge: Dodged            |    35 |    24 ||    59
Block: Buckler           |    20 |    13 ||    33
